 Dungeon Crawl Stone Soup version 0.28-a0-1227-ga9037bb4c8 (webtiles) character file.

Game seed: 9690415735095413212

59 ChaosChampion the Skirmisher (level 4, -1/46 HPs)
             Began as an Ogre Warper on Dec 21, 2021.
             Slain by Crazy Yiuf (18 damage)
             ... on level 2 of the Dungeon.
             The game lasted 00:02:03 (2816 turns).

ChaosChampion the Skirmisher (Ogre Warper)          Turns: 2816, Time: 00:02:04

Health: -1/46      AC:  3    Str: 17    XL:     4   Next: 3%
Magic:  8/8        EV:  9    Int: 14    God:
Gold:   84         SH:  0    Dex:  8    Spells: 9/9 levels left

rFire   . . .      SeeInvis +   a - +0 mace
rCold   + . .      Faith    .   (no shield)
rNeg    . . .      Spirit   .   b - +0 robe
rPois   .          Reflect  .   (helmet restricted)
rElec   .          Harm     .   (no cloak)
rCorr   .          Rampage  .   (gloves unavailable)
Will    .....                   (boots unavailable)
Stlth   +.........              (no amulet)
HPRegen 0.15/turn               i - ring of see invisible
MPRegen 0.11/turn               f - ring of protection from cold

@: lethally poisoned (-1 -> -15)
A: large, unfitting armour, tough skin 1
a: no special abilities


You were on level 2 of the Dungeon.
You visited 1 branch of the dungeon, and saw 2 of its levels.

You collected 84 gold pieces.

Inventory:

Hand Weapons
 a - a +0 mace (weapon)
Missiles
 d - 5 boomerangs of dispersal
 n - 3 silver javelins (quivered)
Armour
 b - a +0 robe (worn)
Magical Staves
 g - a staff of poison
Jewellery
 f - a ring of protection from cold (right hand)
 i - a ring of see invisible (left hand)
 o - a ring of protection from cold
Scrolls
 c - a scroll of blinking
 e - 2 scrolls of teleportation {unknown}
 l - 2 scrolls of holy word {unknown}
 m - a scroll of identify {unknown}
Potions
 h - a potion of invisibility {unknown}
 j - a potion of heal wounds {unknown}
 k - 2 potions of lignification {unknown}


   Skills:
 + Level 3.6 Fighting
 + Level 2.4 Maces & Flails
 - Level 1.0 Throwing
 - Level 2.1 Dodging
 + Level 3.1 Spellcasting
 + Level 3.1 Translocations


You had 9 spell levels left.
You didn't know any spells.
Your spell library contained the following spells:

 Spells                   Type           Power      Damage    Failure   Level
 Blink                    Tloc           22%        N/A       9%          2
 Gell's Gravitas          Tloc           11%        N/A       17%         3
 Lesser Beckoning         Tloc           11%        N/A       17%         3
 Teleport Other           Tloc           11%        N/A       17%         3
 Sandblast                Erth           4%         2d4       22%         1
 Passwall                 Tmut/Erth      1%         N/A       32%         2
 Stone Arrow              Conj/Erth      4%         3d7       54%         3
 Manifold Assault         Tloc           11%        N/A       85%         5


Dungeon Overview and Level Annotations

Branches:
Dungeon (2/15)

Altars:
Hepliaklqana

Annotations:
D:2 Crazy Yiuf


Innate Abilities, Weirdness & Mutations

You are too large for most types of armour.
You have tough skin. (AC +1)


Message History

You kill the goblin!
You have reached level 4!
You see here a +0 club.
The hobgoblin hits you.
You hit the hobgoblin.
The hobgoblin is severely wounded.
The hobgoblin hits you but does no damage.
You hit the hobgoblin but do no damage.
The hobgoblin is severely wounded.
The hobgoblin hits you. The hobgoblin barely misses you.
You closely miss the hobgoblin.
The hobgoblin is severely wounded.
The hobgoblin hits you.
You hit the hobgoblin.
You kill the hobgoblin!
No target in view!
You see here a hobgoblin corpse.
You see here a +0 club.
Things that are here:
a +0 spear; 22 stones You see here a +0 mace.
Crazy Yiuf shouts!
Press: ? - help, v - describe, . - travel
Here: Crazy Yiuf, wielding a +2 quarterstaff of chaos and wearing a +0 cloak (fire blocked by a runed translucent door)
The floor.
You open the door. You hit Crazy Yiuf but do no damage.
Crazy Yiuf hits you with a +2 quarterstaff of chaos!
You hit Crazy Yiuf.
Crazy Yiuf is lightly wounded.
Crazy Yiuf cries, "Ten chair snail!"
Crazy Yiuf hits you with a +2 quarterstaff of chaos!
You are poisoned.
You are too injured to fight recklessly!
You are too injured to fight recklessly!
You hit Crazy Yiuf but do no damage.
Crazy Yiuf is lightly wounded.
You feel very sick.
Crazy Yiuf hits you with a +2 quarterstaff of chaos!!
You die...

......########....####.#
.####......# #)...# #.#
.# ######## ♣.)..♣ ###
.####### ### ♣...♣♣
.......###.# ♣♣.♣♣
.#####.....# ♣.♣♣ ##
####..# ♣♣.♣ .# #..#
♣.♣♣ #.# .# ##.# ♣♣@♣
#.# .# ### #g# ...
.####### ... #.#
.......# #...# ### #.#
######.# #..)#
#.#######.# #.# #####
##......#.# #.#
#.#####.#†# #.#
######### #.#.# #.#
##.....### #.#.#


You could see Crazy Yiuf.

Vanquished Creatures
  A gnoll (D:2)
  An adder (D:2)
  4 endoplasms
  2 giant cockroaches (D:1)
  6 goblins
  6 hobgoblins
  A jackal (D:2)
  2 kobolds (D:1)
  3 ball pythons (D:1)
  2 bats
  4 frilled lizards
  5 rats
37 creatures vanquished.

Vanquished Creatures (others)
  A fungus (D:1)
1 creature vanquished.

Grand Total: 38 creatures vanquished

Notes
Turn   | Place    | Note
-------+----------+-------------------------------------------
     0 | D:1      | ChaosChampion the Ogre Warper began the quest for the Orb.
     0 | D:1      | Reached XP level 1. HP: 22/22 MP: 3/3
   182 | D:1      | Reached XP level 2. HP: 28/31 MP: 5/5
  1090 | D:1      | Reached XP level 3. HP: 35/37 MP: 7/7
  1286 | D:1      | Found a faded altar of an unknown god.
  1416 | D:2      | Found a hazy altar of Hepliaklqana.
  2452 | D:2      | Found a runed translucent door.
  2453 | D:2      | Noticed Crazy Yiuf
  2673 | D:2      | Reached XP level 4. HP: 46/46 MP: 8/8
  2816 | D:2      | Slain by Crazy Yiuf

Illustrated notes

Levels and vault maps discovered:
D:1:      saegor_arrival_simple_e, layout_loops_ring,
          shapermc_ecumenical_altar_petra
D:2:      layout_loops_ring, basic_altar, chequers_serial_rivers_large_a,
          minmay_hexomino_c4, uniq_crazy_yiuf_cottage

Skill      XL: |  1  2  3 |
---------------+----------+-----
Fighting       | 3 |  3.6
Maces & Flails | 2 |  2.4
Translocations | 3 |  3.1
Spellcasting   | 3 |  3.1
Throwing       | |  1.0
Dodging        | |  2.1

Action                   |  1- 3 |  4- 6 || total
-------------------------+-------+-------++-------
Melee: Mace              |   135 |     7 ||   142
Armor: Robe              |    39 |     1 ||    40
Dodge: Dodged            |    72 |     1 ||    73

Table legend: (Time is in decaauts)
 A = Elapsed time spent in this place.
 B = Non-inter-level travel time spent in this place.
 C = Inter-level travel time spent in this place.
 D = Time resting spent in this place.
 E = Time spent auto-exploring this place.
 F = Levels seen in this place.
 G = Mean time per level.
                   A        B        C        D        E       F      G
               +--------+--------+--------+--------+--------+-----+--------+
         Total |   2856 |   2735 |    121 |    394 |   1972 |   2 | 1428.0 |
       Dungeon |   2856 |   2735 |    121 |    394 |   1972 |   2 | 1428.0 |
               +--------+--------+--------+--------+--------+-----+--------+

Top non-repeatable levels by time:
     D:2: 1509 daAuts
     D:1: 1347 daAuts
